 Dungeon Crawl Stone Soup version 0.31-a0-358-gac0dbeb3ab (webtiles) character file.

Game seed: 8303736370621667215

88 AdnanSaban the Covered (level 4, -2/28 HPs)
             Began as a Gargoyle Fighter on July 25, 2023.
             Killed by divine providence
             ... invoked by an orc priest
              (15 damage)
             ... on level 3 of the Dungeon.
             The game lasted 00:01:48 (1610 turns).

AdnanSaban the Covered (Gargoyle Fighter)           Turns: 1610, Time: 00:01:49

Health: -2/28      AC: 15    Str: 22    XL:     4   Next: 53%
Magic:  4/4        EV:  6    Int:  8    God:
Gold:   156        SH:  4    Dex:  9    Spells: 3/3 levels left

rFire   . . .        a - +0 flail
rCold   . . .        c - +0 buckler
rNeg    + . .        e - +0 plate armour
rPois   ∞            (no helmet)
rElec   +            (no cloak)
rCorr   .            (no gloves)
SInv    .            (no boots)
Will    .....        (no amulet) Stlth
                     (no ring)
HPRegen 0.24/turn    (no ring)
MPRegen 0.09/turn

%: no passive effects
@: no status effects
A: sickness immunity, AC +3, negative energy resistance 1, electricity
resistance, torment resistance 1, petrification resistance
a: no special abilities


You were on level 3 of the Dungeon.
You visited 1 branch of the dungeon, and saw 3 of its levels.

You collected 156 gold pieces.

Inventory:

Hand Weapons
 a - a +0 flail (weapon)
Armour
 c - a +0 buckler (worn)
 e - a +0 plate armour (worn)
Jewellery
 h - a +6 ring of dexterity
Scrolls
 g - a scroll of revelation {unknown}
 j - a scroll of identify {unknown}
 k - 2 scrolls of torment {unknown}
Potions
 b - 2 potions of curing {unknown}
 d - a potion of might
 f - a potion of heal wounds {unknown}
 i - a potion of brilliance {unknown}


   Skills:
 + Level 3.4 Fighting
 + Level 3.4 Maces & Flails
 + Level 4.1 Armour
 + Level 0.1 Dodging
 + Level 3.8 Shields


You had 3 spell levels left.
You didn't know any spells.
Your spell library contained the following spells:

 Spells                   Type           Power      Damage    Failure   Level
 Frozen Ramparts          Ice            0%         1d1       100%        3
 Inner Flame              Hex/Fire       0%         N/A       100%        3
 Petrify                  Tmut/Erth      0%         N/A       100%        4
 Metabolic Englaciation   Hex/Ice        0%         N/A       100%        5
 Yara's Violent Unravell  Hex/Tmut       0%         3d3       100%        5
 Enfeeble                 Hex            0%         N/A       100%        7


Dungeon Overview and Level Annotations

Branches:
Dungeon (3/15)

Altars:


Innate Abilities, Weirdness & Mutations

You are immune to sickness and miasma.
Your stone body is resilient. (AC +3)
You are immune to poison.
You resist negative energy. (rN+)
You are resistant to electric shocks. (rElec)
You are resistant to unholy torment.
You are immune to petrification.


Message History

An adder is nearby!
You sock the adder!
You kill the adder!
j - a scroll labelled NILOFRO XOEZ NAM A dart slug comes into view.
The dart slug closely misses you.
You sock the dart slug!
You kill the dart slug!
No target in view!
No target in view!
No target in view!
No target in view!
No target in view!
No target in view!
No target in view!
No target in view!
No target in view!
k - 2 scrolls labelled DAOXZU XOPPI No target in view!
You now have 156 gold pieces (gained 7).
Found 5 stones.
A goblin comes into view. It is wielding a +0 dagger.
The goblin shouts!
You hear a shout!
An orc comes into view. It is wielding a +0 flail.
An orc priest comes into view. It is wielding a +0 dagger.
You hear a shout! x2
The orc shouts!
The orc priest shouts!
You hear a shout!
An orc priest comes into view. It is wielding a +0 hand axe.
An orc, an orc priest and a gnoll come into view.
The orc is wielding a +0 war axe of flaming.
The orc priest shouts!
The gnoll shouts!
A gnoll comes into view. It is wielding a +0 whip.
The orc priest calls down the wrath of Beogh upon you.
Beogh smites you!
Ouch! That really hurt!
You hear a shout!
The orc priest invokes the aid of Beogh against you.
Beogh smites you!
Ouch! That really hurt!
You die...

#..# .##.##
#######..### .#.#.
#............ ...g
#.#######..### #..o
#.# #..# # #..o #.##
#..# # #.og
#..######..#
#...#####.#........#
#...o@...###.####.####
.....go#####.#.##
#..... #####.# #..##
###### #. #.## # #.#
#.# #(# #.# #.#


You could see 2 orc priests, an orc and a goblin.

Vanquished Creatures
  3 adders
  3 worms
  3 dart slugs
  A bat (D:2)
  7 endoplasms
  A hobgoblin (D:3)
  2 jackals (D:1)
  4 ball pythons
  2 frilled lizards (D:1)
  8 goblins
  8 kobolds
  A rat (D:1)
43 creatures vanquished.

Notes
Turn   | Place    | Note
-------+----------+-------------------------------------------
     0 | D:1      | AdnanSaban the Gargoyle Fighter began the quest for the
                  | Orb.
     0 | D:1      | Reached XP level 1. HP: 14/14 MP: 1/1
   193 | D:1      | Reached XP level 2. HP: 19/19 MP: 2/2
   478 | D:1      | Reached XP level 3. HP: 23/23 MP: 3/3
  1244 | D:2      | Reached skill level 4 in Armour
  1244 | D:2      | Reached XP level 4. HP: 25/28 MP: 4/4
  1610 | D:3      | Killed from afar by an orc priest

Illustrated notes

Levels and vault maps discovered:
D:1:      co_arrival_square_in_a_square_in_a_square, layout_loops_ring
D:2:      layout_loops_cross
D:3:      layout_loops_ring, serial_shops, shop, skrybe_limestone_x, st_stairs_6

Skill      XL: |  1  2  3  4 |
---------------+-------------+-----
Armour         | 4 |  4.1
Maces & Flails | 3 |  3.4
Fighting       | |  3.4
Dodging        | |  0.1
Shields        | |  3.8

Action                     |  1- 3 |  4- 6 || total
---------------------------+-------+-------++-------
  Melee: Flail             |   130 |    27 ||   157
 Armour: Scale mail        |    17 |       ||    17
         Plate armour      |    70 |    17 ||    87
  Dodge: Dodged            |    38 |     4 ||    42
  Block: Buckler           |    31 |     5 ||    36

Table legend: (Time is in decaauts)
 A = Elapsed time spent in this place.
 B = Non-inter-level travel time spent in this place.
 C = Inter-level travel time spent in this place.
 D = Time resting spent in this place.
 E = Time spent auto-exploring this place.
 F = Levels seen in this place.
 G = Mean time per level.
                   A        B        C        D        E       F      G
               +--------+--------+--------+--------+--------+-----+--------+
         Total |   1656 |   1570 |     86 |      0 |   1213 |   3 |  552.0 |
       Dungeon |   1656 |   1570 |     86 |      0 |   1213 |   3 |  552.0 |
               +--------+--------+--------+--------+--------+-----+--------+

Top non-repeatable levels by time:
     D:2: 763 daAuts
     D:1: 680 daAuts
     D:3: 213 daAuts
